 Dungeon Crawl Stone Soup version 0.28-a0-1286-g6bde065e89 (webtiles) character file.

Game seed: 14470001809672630756

23678 bearlyready the Thaumaturge (level 13, -16/98 HPs)
             Began as a Gnoll Fire Elementalist on Dec 26, 2021.
             Was an Elder of Cheibriados.
             Hit by a large rock thrown by a cyclops (38 damage)
             ... on level 14 of the Dungeon.
             The game lasted 00:31:46 (20545 turns).

bearlyready the Thaumaturge (GnFE)                 Turns: 20545, Time: 00:31:47

Health: -16/98     AC: 10    Str: 18    XL:     13   Next: 8%
Magic:  7/26       EV: 20    Int: 25    God:    Cheibriados [****..]
Gold:   743        SH:  8    Dex: 27    Spells: 20/30 levels left

rFire   + + .      SeeInvis .   b - staff of fire
rCold   + . .      Faith    .   T - +0 buckler
rNeg    . . .      Spirit   .   A - +0 troll leather armour
rPois   .          Reflect  .   J - +2 helmet
rElec   .          Harm     .   q - +0 cloak
rCorr   .          Rampage  .   (no gloves)
Will    .....                   (no boots)
Stlth   +++++.....              (no amulet)
HPRegen 1.06/turn               L - ring of protection from fire
MPRegen 0.20/turn               t - ring of protection from cold

@: very slow
A: fangs 1, strong nose, distributed training
a: Renounce Religion, Bend Time, Temporal Distortion, Slouch


You were on level 14 of the Dungeon.
You worshipped Cheibriados.
Cheibriados was greatly pleased with you.
You visited 3 branches of the dungeon, and saw 16 of its levels.

You collected 743 gold pieces.

Inventory:

Hand Weapons
 a - a +3 long sword of freezing
 f - a +2 broad axe
 g - a +0 dagger of electrocution
 I - a +2 mace of freezing
 Q - a +3 hunting sling of freezing
 U - a +1 long sword of freezing
Missiles
 d - 454 stones
 h - 89 bolts
 B - 8 boomerangs
 K - a curare-tipped dart
 M - 15 poisoned darts
 P - 46 sling bullets
Armour
 q - a +0 cloak (worn)
 y - a +2 hat of willpower
 A - a +0 troll leather armour (worn)
 C - the +1 cloak "Peceruy" {rElec rF- Str+7 Dex-2}
   (You found it on level 6 of the Dungeon)

   Str:       It affects your strength (+7).
   Dex:       It affects your dexterity (-2).
   rF:        It makes you vulnerable to fire.
   rElec:     It insulates you from electricity.
 J - a +2 helmet (worn)
 T - a +0 buckler (worn)
Magical Staves
 b - a staff of fire (weapon)
 w - a staff of conjuration
 H - a staff of poison
Jewellery
 m - a ring of willpower
 s - a ring of poison resistance
 t - a ring of protection from cold (right hand)
 F - a ring of resist corrosion
 L - a ring of protection from fire (left hand)
 W - a ring of flight
Wands
 x - a wand of mindburst (5)
 D - a wand of flame (18)
 E - a wand of iceblast (14)
 S - a wand of polymorph (12)
Scrolls
 i - a scroll of teleportation
 j - 3 scrolls of fog
 l - 2 scrolls of vulnerability {unknown}
 n - 2 scrolls of immolation {unknown}
 o - a scroll of holy word {unknown}
 p - 2 scrolls of magic mapping
 r - a scroll of enchant weapon {unknown}
 v - a scroll of torment {unknown}
 V - 2 scrolls of amnesia
 Z - 2 scrolls of enchant armour
Potions
 c - 4 potions of lignification
 e - a potion of cancellation {unknown}
 k - 3 potions of heal wounds {unknown}
 u - 2 potions of curing
 G - 2 potions of degeneration {unknown}
 N - 3 potions of attraction
 O - a potion of mutation {unknown}
 R - a potion of invisibility {unknown}
 X - a potion of flight {unknown}
 Y - a potion of berserk rage {unknown}


   Skills:
 + Level 7.9 Fighting
 + Level 7.9 Short Blades
 + Level 7.9 Long Blades
 + Level 7.9 Axes
 + Level 7.9 Maces & Flails
 + Level 7.9 Polearms
 + Level 7.9 Staves
 + Level 7.9 Slings
 + Level 7.9 Bows
 + Level 7.9 Crossbows
 + Level 7.9 Throwing
 + Level 7.9 Armour
 + Level 9.2 Dodging
 + Level 9.0 Stealth
 + Level 7.9 Shields
 + Level 7.9 Unarmed Combat
 + Level 9.4 Spellcasting
 + Level 7.0 Conjurations
 + Level 6.6 Hexes
 + Level 6.6 Summonings
 + Level 6.6 Necromancy
 + Level 6.6 Translocations
 + Level 6.6 Transmutations
 + Level 8.7 Fire Magic
 + Level 6.6 Ice Magic
 + Level 6.6 Air Magic
 + Level 6.6 Earth Magic
 + Level 6.6 Poison Magic
 + Level 8.7 Invocations
 + Level 7.9 Evocations


You had 20 spell levels left.
You knew the following spells:

 Your Spells              Type           Power      Damage    Failure   Level
a - Foxfire               Conj/Fire      100%       2x1d9     1%          1
b - Scorch                Fire           100%       2d10      1%          2
c - Flame Wave            Conj/Fire      67%        2d10      2%          4
d - Dazzling Flash        Conj/Hex       90%        N/A       1%          3

Your spell library contained the following spells:

 Spells                   Type           Power      Damage    Failure   Level
 Pain                     Necr           100%       1d9       1%          1
 Static Discharge         Conj/Air       45%        N/A       1%          2
 Conjure Flame            Conj/Fire      67%        6-21      1%          3
 Inner Flame              Hex/Fire       66%        N/A       1%          3
 Cause Fear               Hex            22%        N/A       4%          4
 Petrify                  Tmut/Erth      44%        N/A       4%          4
 Lightning Bolt           Conj/Air       22%        1d38      10%         5
 Agony                    Necr           44%        N/A       11%         5
 Excruciating Wounds      Necr           22%        N/A       11%         5
 Metabolic Englaciation   Hex/Ice        22%        N/A       11%         5
 Silence                  Hex/Air        22%        N/A       11%         5
 Statue Form              Tmut/Erth      29%        N/A       52%         6
 Dragon Form              Tmut           22%        N/A       98%         7
 Maxwell's Capacitive Co  Air            22%        ∞         100%        8
 Dragon's Call            Summ           22%        N/A       100%        9


Dungeon Overview and Level Annotations

Branches:
Dungeon (14/15)            Temple (1/1) D:4            Lair (1/6) D:10
    Orc (0/2) D:10
 Vaults: D:13-14

Altars:
Cheibriados
Fedhas
Hepliaklqana
Okawaru
Qazlal
Trog
Uskayaw
Vehumet
Wu Jian
Yredelemnul
The Shining One

Shops:
D:1 :   D:7 (   D:13 =

Portals:
Trove: D:11 (give 7 potions of haste)

Annotations:
D:2 1 runed translucent door, Crazy Yiuf
D:12 1 runed translucent door
D:14 3 runed translucent doors


Innate Abilities, Weirdness & Mutations

You have very sharp teeth.
Your uncanny sense of smell can sniff out nearby items.
Your experience applies equally to all skills.


Message History

Casting: Scorch (safe; 1% risk of failure)
Confirm with . or Enter, or press ? or * to list all spells.
You feel a surge of power!
Flames lash the fire elemental.
The fire elemental completely resists.
Your surroundings suddenly seem different.
A cyclops comes into view.
Found a ring mail and a club.
Found a runed translucent door.
The cyclops throws a large rock.
The large rock hits you!!
Casting: Foxfire (safe; 1% risk of failure)
Press: ? - help, Q - select action, (/) - cycle Dir - look around, f - activate
Okay, then.
Found a runed translucent door.
The cyclops throws a large rock.
The large rock hits you!!
* * * LOW HITPOINT WARNING * * *
Found a runed translucent door.
The cyclops shouts!
You start resting.
A cyclops is nearby!
Aiming: Polymorph
Press: ? - help, Shift-Dir - straight line, f - cyclops
Aim: a cyclops, quivering large rocks (will become a komodo dragon, a cane toad, or a merfolk, chance to affect: 50%)
The cyclops resists with some effort.
The komodo dragon hisses angrily.
The cyclops throws a large rock.
The large rock hits you!
* * * LOW HITPOINT WARNING * * *
As you read the scroll of fog, it crumbles to dust.
The scroll dissolves into smoke.
You start resting.
A cyclops is nearby!
Casting: Foxfire (safe; 1% risk of failure)
Confirm with . or Enter, or press ? or * to list all spells.
Casting: Dazzling Flash (safe; 1% risk of failure)
Press: ? - help, Dir - look around, f - activate
Casting: Dazzling Flash (safe; 1% risk of failure)
Confirm with . or Enter, or press ? or * to list all spells.
You feel a surge of power!
Flames lash the cyclops.
The cyclops is moderately wounded.
The cyclops's fire resistance burns away.
The cyclops throws a large rock.
The large rock hits you!!!
You die...

.............###
...#. ......
.........#.+##..
...#. .....
.........#.#....##..C
...##....#.#........#
..####...#.#.#......
.##
##..#.#..#...[##.# ##
#..#.# #§§§#C...#
..##.#..#§§§#...# ∆
#§§@#..#.# ∆
#..#§§§##.##
#.#§.####+##
..###cJTT## #..
.+zcTC## #. ##pglZ##
# .####+## ...##.##


You could see a skeletal warrior, a slime creature, 2 centaur warriors, a deep
troll, 2 cyclopes, a komodo dragon, a wizard, 2 trolls, a boggart and a centaur
warrior simulacrum.

Vanquished Creatures
  Gastronok (D:8)
  2 hydras (D:12)
  A boulder beetle (D:13)
  A death knight (D:13)
  2 centaur warriors
  2 two-headed ogres
  A tengu warrior (D:12)
  Nergalle (D:11)
  A deep elf pyromancer (D:13)
  A manticore (D:14)
  An ugly thing (D:11)
  Joseph (D:8)
  2 cane toads (Lair:1)
  4 molten gargoyles (D:10)
  2 unseen horrors (D:10)
  A komodo dragon (shapeshifter) (D:12)
  A meliai (D:14)
  3 trolls
  Grinder (D:3)
  6 slime creatures (D:12)
  2 wraiths (D:12)
  2 shadows
  A vampire (D:13)
  24 yaks
  A steam dragon (D:8)
  8 vampire mosquitoes
  2 acid dragons
  A water moccasin (D:7)
  Duvessa (D:6)
  3 orc warriors
  A black bear (D:5)
  2 sky beasts (D:7)
  A boggart (D:12)
  An ogre (shapeshifter) (D:13)
  3 ogres
  3 centaurs
  A phantom (D:6)
  A kobold brigand (D:7)
  2 bullfrogs
  5 scorpions
  Dowan (D:6)
  4 killer bees
  2 howler monkeys (D:12)
  13 wights
  An electric eel (D:8)
  5 centaur zombies
  2 hounds
  3 jellies
  3 orc priests
  2 iguanas
  20 orc wizards
  A killer bee zombie (D:7)
  A hound skeleton (D:5)
  2 howler monkey zombies (D:7)
  2 howler monkey skeletons
  5 adders
  A white imp (D:8)
  2 worms
  22 orcs
  5 ball pythons
  5 endoplasms
  A giant cockroach (D:2)
  5 goblins
  4 hobgoblins
  6 kobolds
  3 quokkas
  4 bats
  A frilled lizard (D:2)
  3 rats
  A spectral hobgoblin (D:7)
230 creatures vanquished.

Vanquished Creatures (collateral kills)
  3 foxfires (D:8)
3 creatures vanquished.

Vanquished Creatures (others)
  721 foxfires
721 creatures vanquished.

Grand Total: 954 creatures vanquished

Notes
Turn   | Place    | Note
-------+----------+-------------------------------------------
     0 | D:1      | bearlyready the Gnoll Fire Elementalist began the quest for
                  | the Orb.
     0 | D:1      | Reached XP level 1. HP: 13/13 MP: 6/6
   304 | D:1      | Found Haloonk's Book Shop.
   465 | D:1      | Reached XP level 2. HP: 14/19 MP: 4/7
  1231 | D:2      | Reached XP level 3. HP: 25/25 MP: 1/9
  1308 | D:2      | Reached skill level 5 in Spellcasting
  1901 | D:2      | Found a runed translucent door.
  1902 | D:2      | Noticed Crazy Yiuf
  1974 | D:2      | Found a glowing golden altar of the Shining One.
  1981 | D:2      | Reached skill level 1 in Invocations
  2115 | D:3      | Noticed a scorpion
  2223 | D:3      | Killed a scorpion
  2224 | D:3      | Reached skill level 1 in Fighting
  2224 | D:3      | Reached skill level 1 in Short Blades
  2224 | D:3      | Reached skill level 1 in Long Blades
  2224 | D:3      | Reached skill level 1 in Axes
  2224 | D:3      | Reached skill level 1 in Maces & Flails
  2224 | D:3      | Reached skill level 1 in Polearms
  2224 | D:3      | Reached skill level 1 in Staves
  2224 | D:3      | Reached skill level 1 in Slings
  2224 | D:3      | Reached skill level 1 in Bows
  2224 | D:3      | Reached skill level 1 in Crossbows
  2224 | D:3      | Reached skill level 1 in Throwing
  2224 | D:3      | Reached skill level 1 in Armour
  2224 | D:3      | Reached skill level 1 in Shields
  2224 | D:3      | Reached skill level 1 in Unarmed Combat
  2224 | D:3      | Reached skill level 1 in Hexes
  2224 | D:3      | Reached skill level 1 in Summonings
  2224 | D:3      | Reached skill level 1 in Necromancy
  2224 | D:3      | Reached skill level 1 in Translocations
  2224 | D:3      | Reached skill level 1 in Transmutations
  2224 | D:3      | Reached skill level 1 in Ice Magic
  2224 | D:3      | Reached skill level 1 in Air Magic
  2224 | D:3      | Reached skill level 1 in Earth Magic
  2224 | D:3      | Reached skill level 1 in Poison Magic
  2224 | D:3      | Reached skill level 1 in Evocations
  2224 | D:3      | Reached XP level 4. HP: 13/32 MP: 6/11
  2227 | D:3      | Learned a level 2 spell: Scorch
  2232 | D:3      | Learned a level 4 spell: Flame Wave
  2644 | D:3      | Noticed Grinder
  2724 | D:3      | Reached XP level 5. HP: 37/37 MP: 8/12
  3234 | D:3      | Killed Grinder
  3235 | D:3      | Reached skill level 5 in Dodging
  3235 | D:3      | Reached XP level 6. HP: 12/44 MP: 0/14
  3462 | D:3      | Found a faded altar of an unknown god.
  3915 | D:4      | Reached XP level 7. HP: 50/50 MP: 11/15
  4424 | D:4      | Found a staircase to the Ecumenical Temple.
  4506 | Temple   | Entered the Ecumenical Temple
  4575 | Temple   | Became a worshipper of Cheibriados the Contemplative
  5382 | D:5      | Entered Level 5 of the Dungeon
  5392 | D:5      | Reached skill level 5 in Stealth
  5703 | D:5      | Reached XP level 8. HP: 54/57 MP: 11/16
  6199 | D:6      | Reached * piety under Cheibriados
  7007 | D:6      | Noticed Duvessa
  7013 | D:6      | Noticed Dowan
  7021 | D:6      | Killed Duvessa
  7049 | D:6      | Killed Dowan
  7059 | D:6      | Identified the +1 cloak "Peceruy" {rElec rF- Str+7 Dex-2}
  7296 | D:6      | Reached XP level 9. HP: 65/65 MP: 13/18
  8180 | D:7      | Noticed a two-headed ogre
  8201 | D:7      | Killed a two-headed ogre
  8491 | D:7      | Reached ** piety under Cheibriados
  8492 | D:7      | Reached skill level 5 in Invocations
  8592 | D:7      | Found Nenojya's Antique Weapon Shop.
  9273 | D:7      | Found a hazy altar of Hepliaklqana.
  9351 | D:8      | Noticed Joseph
  9365 | D:8      | Killed Joseph
  9474 | D:8      | Reached XP level 10. HP: 73/73 MP: 10/20
 10164 | D:9      | Reached skill level 5 in Fighting
 10164 | D:9      | Reached skill level 5 in Short Blades
 10164 | D:9      | Reached skill level 5 in Long Blades
 10164 | D:9      | Reached skill level 5 in Axes
 10164 | D:9      | Reached skill level 5 in Maces & Flails
 10164 | D:9      | Reached skill level 5 in Polearms
 10164 | D:9      | Reached skill level 5 in Staves
 10164 | D:9      | Reached skill level 5 in Slings
 10164 | D:9      | Reached skill level 5 in Bows
 10164 | D:9      | Reached skill level 5 in Crossbows
 10164 | D:9      | Reached skill level 5 in Throwing
 10164 | D:9      | Reached skill level 5 in Armour
 10164 | D:9      | Reached skill level 5 in Shields
 10164 | D:9      | Reached skill level 5 in Unarmed Combat
 10164 | D:9      | Reached skill level 5 in Evocations
 11994 | D:8      | Reached *** piety under Cheibriados
 12150 | D:8      | Reached skill level 5 in Conjurations
 12161 | D:8      | Noticed Gastronok
 12480 | D:10     | Entered Level 10 of the Dungeon
 12689 | D:10     | Noticed a molten gargoyle
 12697 | D:10     | Killed a molten gargoyle
 12848 | D:10     | Killed an unseen horror
 13027 | D:10     | Noticed a molten gargoyle
 13164 | D:10     | Learned a level 3 spell: Dazzling Flash
 13211 | D:10     | Reached XP level 11. HP: 69/81 MP: 9/22
 13503 | D:10     | Identified the +0 ring mail "Jiak" {rCorr}
 13653 | D:10     | Reached skill level 5 in Hexes
 13653 | D:10     | Reached skill level 5 in Summonings
 13653 | D:10     | Reached skill level 5 in Necromancy
 13653 | D:10     | Reached skill level 5 in Translocations
 13653 | D:10     | Reached skill level 5 in Transmutations
 13653 | D:10     | Reached skill level 5 in Ice Magic
 13653 | D:10     | Reached skill level 5 in Air Magic
 13653 | D:10     | Reached skill level 5 in Earth Magic
 13653 | D:10     | Reached skill level 5 in Poison Magic
 13672 | D:10     | HP: 3/81 [molten gargoyle/bolt of magma (13)]
 13683 | D:10     | HP: 6/121 [centaur (3)]
 13712 | D:10     | Found a staircase to the Orcish Mines.
 14163 | D:10     | Reached **** piety under Cheibriados
 14269 | D:10     | Found a staircase to the Lair.
 14332 | Lair:1   | Entered Level 1 of the Lair of Beasts
 15105 | D:10     | Identified the +0 robe of Leaves {rF- Int+3}
 15970 | D:11     | Noticed Nergalle
 15978 | D:11     | Noticed a spectral orc warlord
 16411 | D:11     | Noticed a spectral orc warlord
 16411 | D:11     | Killed Nergalle
 16571 | D:11     | Noticed a white ugly thing
 16576 | D:11     | Killed a white ugly thing
 16588 | D:11     | Reached XP level 12. HP: 64/89 MP: 9/24
 16952 | D:11     | Found a portal to a secret trove of treasure.
 17199 | D:12     | Noticed a two-headed ogre
 17209 | D:12     | Killed a two-headed ogre
 17586 | D:12     | Noticed a five-headed hydra
 17601 | D:12     | Killed a five-headed hydra
 17709 | D:12     | Noticed an eight-headed hydra
 17720 | D:12     | Killed an eight-headed hydra
 17842 | D:13     | Noticed a centaur warrior
 17850 | D:13     | Killed a centaur warrior
 17948 | D:13     | Noticed a boulder beetle
 17982 | D:13     | Killed a boulder beetle
 18262 | D:13     | Found Miwkat's Jewellery Shoppe.
 18633 | D:13     | Noticed a death knight
 18651 | D:13     | Killed a death knight
 18822 | D:13     | Noticed a centaur warrior
 18823 | D:13     | Noticed a boulder beetle
 19157 | D:8      | Killed Gastronok
 19617 | D:12     | Noticed a tengu warrior
 19624 | D:12     | Killed a tengu warrior
 19642 | D:12     | Found a runed translucent door.
 19765 | D:12     | Noticed an ettin
 19765 | D:12     | Noticed a yaktaur captain
 19955 | D:12     | Reached XP level 13. HP: 97/98 MP: 2/26
 20531 | D:14     | Noticed a vault guard
 20534 | D:14     | Found a runed translucent door.
 20535 | D:14     | Found a runed translucent door.
 20536 | D:14     | Found a runed translucent door.
 20545 | D:14     | Hit by a large rock thrown by a cyclops

Illustrated notes

Levels and vault maps discovered:
D:1:      minmay_arrival_up_and_down, layout_basic, serial_shops, shop,
          grunt_decor_fettered, chequers_serial_rivers_room_a
D:2:      layout_loops_ring, basic_altar, uniq_crazy_yiuf_cottage
D:3:      layout_loops_ring, hellmonk_ecumenical_altar_crossroads,
          corexii_hall_statues_deadend, minmay_misc_feat_rugged,
          chequers_avenue, uniq_grinder
D:4:      layout_loops_corners, minmay_temple_entry_hall
D:5:      layout_gridville
D:6:      layout_basic, uniq_duvessa
D:7:      layout_basic, nicolae_hepliaklqana_monster_ancestors, serial_shops,
          kennysheep_mini_moat
D:8:      layout_basic, serial_bayou_ford_a, uniq_joseph, uniq_gastronok
D:9:      layout_layer_cave
D:10:     minmay_flawed_box, layout_layer_cave, lair_entry_dummy, minivault_8
D:11:     layout_loops_corners, nicolae_trove_entry_crossroad,
          due_unseen_surprise, uniq_nergalle
D:12:     layout_rooms, minmay_misc_feat_square, minmay_hidden_floor
D:13:     layout_roguey, serial_shops, nicolae_shop_statue_plus,
          grunt_tough_drop
D:14:     minmay_the_grid_triangle_9x9_line_8_mashed
          [minmay_the_grid_triangle_9x9_dagger,
          minmay_the_grid_triangle_9x9_zippers_horizontal,
          minmay_the_grid_triangle_9x9_fully_insulated_deathbox,
          minmay_the_grid_triangle_9x9_steps,
          minmay_the_grid_triangle_9x9_minimal,
          minmay_the_grid_triangle_9x9_odd_lines,
          minmay_the_grid_triangle_9x9_intruding_spiral,
          minmay_the_grid_triangle_9x9_prize_center], layout_cave_pods,
          lightli_vaults_fourway_checkpoint, chequers_serial_rivers_room_b
Temple:   mainiacjoe_temple_hex_bubbles
Lair:1:   layout_layer_cave, beast_lair_carwin_6, grunt_megastairs_1

Skill      XL: |  1  2  3  4  5  6  7  8  9 10 11 12 13 |
---------------+----------------------------------------+-----
Conjurations   | 2 3 4 5 6 7 |  7.0
Spellcasting   | 5 6 7 8 9 |  9.4
Invocations    | 1 2 3 4 5 6 7 8 |  8.7
Fighting       | 1 2 3 4 5 6 7 |  7.9
Short Blades   | 1 2 3 4 5 6 7 |  7.9
Long Blades    | 1 2 3 4 5 6 7 |  7.9
Axes           | 1 2 3 4 5 6 7 |  7.9
Maces & Flails | 1 2 3 4 5 6 7 |  7.9
Polearms       | 1 2 3 4 5 6 7 |  7.9
Staves         | 1 2 3 4 5 6 7 |  7.9
Slings         | 1 2 3 4 5 6 7 |  7.9
Bows           | 1 2 3 4 5 6 7 |  7.9
Crossbows      | 1 2 3 4 5 6 7 |  7.9
Throwing       | 1 2 3 4 5 6 7 |  7.9
Armour         | 1 2 3 4 5 6 7 |  7.9
Shields        | 1 2 3 4 5 6 7 |  7.9
Unarmed Combat | 1 2 3 4 5 6 7 |  7.9
Hexes          | 1 2 3 4 5 6 |  6.6
Summonings     | 1 2 3 4 5 6 |  6.6
Necromancy     | 1 2 3 4 5 6 |  6.6
Translocations | 1 2 3 4 5 6 |  6.6
Transmutations | 1 2 3 4 5 6 |  6.6
Ice Magic      | 1 2 3 4 5 6 |  6.6
Air Magic      | 1 2 3 4 5 6 |  6.6
Earth Magic    | 1 2 3 4 5 6 |  6.6
Poison Magic   | 1 2 3 4 5 6 |  6.6
Evocations     | 1 2 3 4 5 6 7 |  7.9
Dodging        | 5 6 7 8 9 |  9.2
Stealth        | 5 6 7 8 9 |  9.0
Fire Magic     | 6 7 8 |  8.7

Action                   |  1- 3 |  4- 6 |  7- 9 | 10-12 | 13-15 || total
-------------------------+-------+-------+-------+-------+-------++-------
Melee: Staff             |    51 |    16 |    49 |    66 |     1 ||   183
       Bite              |     4 |     3 |     5 |    15 |       ||    27
       Spear             |       |       |       |    22 |       ||    22
       Mace              |       |       |       |     4 |       ||     4
 Cast: Foxfire           |    44 |    27 |   197 |   155 |       ||   423
       Scorch            |       |     7 |    48 |   174 |    17 ||   246
       Flame Wave        |       |       |       |    22 |       ||    22
       Dazzling Flash    |       |       |       |       |     1 ||     1
Invok: Slouch            |       |       |       |     2 |       ||     2
Evoke: Wand              |       |       |     1 |    33 |     2 ||    36
  Use: Scroll            |       |       |       |    21 |     2 ||    23
       Potion            |       |       |       |     3 |       ||     3
 Stab: Sleeping          |     2 |       |     5 |     2 |       ||     9
Armor: Robe              |     7 |     2 |    17 |    51 |       ||    77
       Skin              |       |       |       |    16 |       ||    16
       Troll leather arm |       |       |       |    17 |     8 ||    25
Dodge: Dodged            |    61 |    12 |    80 |   280 |    20 ||   453
Block: Buckler           |       |       |       |   114 |     7 ||   121

Table legend: (Time is in decaauts)
 A = Elapsed time spent in this place.
 B = Non-inter-level travel time spent in this place.
 C = Inter-level travel time spent in this place.
 D = Time resting spent in this place.
 E = Time spent auto-exploring this place.
 F = Levels seen in this place.
 G = Mean time per level.
                   A        B        C        D        E       F      G
               +--------+--------+--------+--------+--------+-----+--------+
         Total |  25328 |  24119 |   1209 |   2450 |  18626 |  16 | 1583.0 |
       Dungeon |  24929 |  23763 |   1166 |   2170 |  18564 |  14 | 1780.6 |
        Temple |    113 |     70 |     43 |      0 |     62 |   1 |  113.0 |
          Lair |    285 |    285 |      0 |    280 |      0 |   1 |  285.0 |
               +--------+--------+--------+--------+--------+-----+--------+

Top non-repeatable levels by time:
    D:10: 3604 daAuts
     D:8: 2537 daAuts
     D:9: 2514 daAuts
    D:11: 2323 daAuts
     D:6: 2026 daAuts
    D:12: 1992 daAuts
     D:7: 1836 daAuts
     D:3: 1748 daAuts
     D:4: 1539 daAuts
    D:13: 1440 daAuts
     D:2: 1299 daAuts
     D:5: 964 daAuts
     D:1: 837 daAuts
  Lair:1: 285 daAuts
    D:14: 264 daAuts
